 Dungeon Sprint DCSS version 0.22.1-57-g7394efd48c (webtiles) character file.

10400000 Jannitor the Blood Saint (level 27, -25/249 HPs)
             Began as a Demonspawn Warper on Mar 22, 2019.
             Was the Champion of Makhleb.
             Killed by the air
             ... invoked by a tyrant
              (44 damage)
             ... in the Dungeon (Sprint VIII: "Arena of Blood").
             The game lasted 00:03:31 (104 turns).

Jannitor the Blood Saint (Demonspawn Warper)         Turns: 104, Time: 00:03:31

Health: -25/249    AC: 10    Str: 13    XL:     27
Magic:  27/54      EV: 35    Int: 17    God:    Makhleb [******]
Gold:   0          SH:  0    Dex: 22    Spells: 80/80 levels left

rFire    + + .     SeeInvis .   c - +∞ Axe of Woe
rCold    . . .     Gourm    .   (shield currently unavailable)
rNeg     . . .     Faith    .   b - +0 leather armour
rPois    .         Spirit   .   (no helmet)
rElec    .         Reflect  .   (no cloak)
rCorr    .         Harm     .   (no gloves)
MR       ++...     NoTele   +   (boots unavailable)
Stlth    +++++++++.             (no amulet)
HPRegen  0.51/turn              (no ring)
MPRegen  0.34/turn              (no ring)

@: no status effects
A: hooves 3, molten scales 3, fire resistance 1, hurl damnation, foul stench 2,
spiny 3, rot immunity, flame cloud immunity
a: Hurl Damnation, Minor Destruction, Lesser Servant of Makhleb, Major
Destruction, Greater Servant of Makhleb, Renounce Religion


You were in the Dungeon.
You worshipped Makhleb.
Makhleb was exalted by your worship.
You were not hungry.

You visited 1 branch

Inventory:

Hand Weapons
 a - a +0 hand axe
 c - the +∞ Axe of Woe (weapon)
   (You found it in the Dungeon)
Missiles
 e - 5 tomahawks of dispersal (quivered)
Armour
 b - a +0 leather armour (worn)
Scrolls
 d - 2 scrolls of blinking
Potions
 g - a potion of curing
 h - a potion of heal wounds
 i - a potion of haste
 j - 2 potions of magic
 k - a potion of berserk rage
Comestibles
 f - a ration


   Skills:
 O Level 27 Fighting
 O Level 27 Axes
 O Level 27 Throwing
 O Level 27 Armour
 O Level 27 Dodging
 O Level 27 Stealth
 O Level 27 Unarmed Combat
 O Level 27 Spellcasting
   Level 2.6 Translocations
 O Level 27 Invocations


You had 80 spell levels left.
You didn't know any spells.
Your spell library contained the following spells:

 Spells                   Type           Power        Failure   Level  Hunger
 Blink                    Tloc           N/A          1%          2    None
 Shroud of Golubria       Chrm/Tloc      ####......   1%          2    None
 Gell's Gravitas          Tloc           ####......   1%          3    None
 Lesser Beckoning         Tloc           ####......   1%          3    None
 Teleport Other           Tloc           ####....     1%          3    None
 Passage of Golubria      Tloc           N/A          5%          4    None


Dungeon Overview and Level Annotations

Branches:
Dungeon (1/1)

Altars:
Makhleb


Innate Abilities, Weirdness & Mutations

You have hooves in place of feet.
You are completely covered in molten scales. (AC +4, rF+)
Your flesh is heat resistant. (rF+)
You can hurl damnation.
You frequently emit foul miasma when damaged in melee.
You are completely covered in sharp spines.
You are immune to rotting.
You are immune to clouds of flame.


Message History

The tyrant casts a spell.
You feel something staring at you. Something smites you!
* * * LOW HITPOINT WARNING * * *
The tyrant shouts!
A large bag of meat comes into view. It is wielding a +9 giant spiked club.
Unknown command.
Unknown command.
You hear a shout! x4
The bag of meat is engulfed in blazing flames.
The tentacled monstrosity is engulfed in blazing flames.
The large abomination is engulfed in blazing flames.
The accursed is struck by your spines. The accursed hits you.
* * * LOW HITPOINT WARNING * * *
You hear a shout!
The tentacled monstrosity is engulfed in blazing flames.
You hear a shout!
The tyrant waves its bony arms in wide circles.
The air twists around and strikes you!
You die...

.......###...%...... .....#
..###.....L%......###.....#
..._.......XX...))§§§.....#
#.....#..XX.))#)#X§oX.....#
#_.<)_#.%..%))))))XXXX...=#
#...))#)O))))#)#)#.o%.....#
..._))))...))))X.L.X......#
..###)))......#.#M#X%#....#
.......###......@L.X#..%..#
.......#.............#....#
.......#%...........#.....#
.........%%.....O%........#
.......%...#...#..%...##..
..........#.{..#.....##
##.{...#.....#
.....#....##.


You could see an accursed, 7 tentacled monstrosities, 3 tyrants, a large bag of
meat (inner flame), 6 large abominations and 2 bags of meat.

Vanquished Creatures
  5 hell beasts (D)
  3 greater mummies (D)
  2 great orbs of eyes (D)
  2 wraiths (D)
  10 vampire knights (D)
  29 ogres (D)
  7 two-headed ogres (D)
  2 liches (D)
  2 hydras (D)
  82 orcs (D)
  6 skeletal warriors (D)
  9 small abominations (D)
  6 large abominations (D)
  6 crawling corpses (D)
171 creatures vanquished.

Notes
Turn   | Place    | Note
-------+----------+-------------------------------------------
     0 | D        | Found the +∞ Axe of Woe
     0 | D        | Jannitor the Demonspawn Warper began the quest for the Orb.
     0 | D        | Reached XP level 1. HP: 16/16 MP: 3/3
     2 | D        | Noticed a bag of meat
     4 | D        | Became a worshipper of Makhleb the Destroyer
     5 | D        | Noticed a meat berserker
     5 | D        | Noticed a meat berserker
     6 | D        | Noticed a bag of meat
     6 | D        | Noticed a meat berserker
     7 | D        | Killed a meat berserker
     7 | D        | Gained mutation: You have large cloven feet. [demonic
                  | ancestry]
     7 | D        | Reached XP level 2. HP: 42/42 MP: 3/16
     7 | D        | Reached XP level 3. HP: 48/48 MP: 3/17
     7 | D        | Reached XP level 4. HP: 55/55 MP: 3/19
     7 | D        | Gained mutation: You have hoof-like feet. [demonic
                  | ancestry]
     7 | D        | Reached XP level 5. HP: 61/61 MP: 3/20
     7 | D        | Reached XP level 6. HP: 68/68 MP: 3/22
     7 | D        | Reached XP level 7. HP: 74/74 MP: 3/23
     7 | D        | Gained mutation: You are immune to rotting. [demonic
                  | ancestry]
     7 | D        | Reached XP level 8. HP: 81/81 MP: 3/25
     7 | D        | Reached XP level 9. HP: 87/87 MP: 3/26
     7 | D        | Gained mutation: You may emit foul miasma when damaged in
                  | melee. [demonic ancestry]
     7 | D        | Reached XP level 10. HP: 94/94 MP: 3/27
     7 | D        | Gained mutation: You have hooves in place of feet. [demonic
                  | ancestry]
     7 | D        | Reached XP level 11. HP: 100/100 MP: 3/28
     7 | D        | Gained mutation: You are partially covered in molten
                  | scales. (AC +2) [demonic ancestry]
     7 | D        | Reached XP level 12. HP: 107/107 MP: 3/29
     7 | D        | Reached XP level 13. HP: 113/113 MP: 3/30
     7 | D        | Noticed a meat berserker
     8 | D        | Noticed a bag of meat
     8 | D        | Noticed a meat berserker
     8 | D        | Noticed a bag of meat
     8 | D        | Noticed a bag of meat
     9 | D        | Noticed a bag of meat
     9 | D        | Noticed a bag of meat
     9 | D        | Noticed a bag of meat
     9 | D        | Noticed a bag of meat
    10 | D        | Killed a meat berserker
    10 | D        | Reached * piety under Makhleb
    10 | D        | Reached skill level 15 in Axes
    10 | D        | Reached skill level 15 in Armour
    10 | D        | Reached skill level 15 in Dodging
    10 | D        | Reached XP level 14. HP: 107/126 MP: 3/31
    10 | D        | Killed a bag of meat
    10 | D        | Reached skill level 15 in Invocations
    10 | D        | Killed a meat berserker
    10 | D        | Gained mutation: You are partially covered in sharp spines.
                  | [demonic ancestry]
    10 | D        | Reached XP level 15. HP: 139/139 MP: 3/32
    11 | D        | Killed a meat berserker
    11 | D        | Reached ** piety under Makhleb
    11 | D        | Reached XP level 16. HP: 152/152 MP: 4/33
    11 | D        | Killed a meat berserker
    12 | D        | Gained mutation: You are mostly covered in sharp spines.
                  | [demonic ancestry]
    12 | D        | Reached XP level 17. HP: 162/162 MP: 4/34
    14 | D        | Reached *** piety under Makhleb
    14 | D        | Noticed a meat berserker
    15 | D        | Reached **** piety under Makhleb
    15 | D        | Reached skill level 27 in Invocations
    15 | D        | Gained mutation: You are completely covered in sharp
                  | spines. [demonic ancestry]
    15 | D        | Reached XP level 18. HP: 177/177 MP: 5/35
    18 | D        | Reached ***** piety under Makhleb
    18 | D        | Reached skill level 27 in Fighting
    18 | D        | Gained mutation: You are mostly covered in molten scales.
                  | (AC +3) [demonic ancestry]
    18 | D        | Reached XP level 19. HP: 189/189 MP: 5/36
    18 | D        | Reached skill level 27 in Axes
    18 | D        | Reached skill level 27 in Armour
    18 | D        | Reached skill level 27 in Dodging
    19 | D        | Killed a meat berserker
    19 | D        | Gained mutation: You are completely covered in molten
                  | scales. (AC +4, rF+) [demonic ancestry]
    19 | D        | Reached XP level 20. HP: 197/197 MP: 5/42
    20 | D        | Noticed a meat berserker
    21 | D        | Reached skill level 15 in Unarmed Combat
    23 | D        | Noticed a meat berserker
    24 | D        | Killed a meat berserker
    24 | D        | Reached ****** piety under Makhleb
    24 | D        | Noticed a meat berserker
    25 | D        | Reached XP level 21. HP: 204/204 MP: 7/47
    25 | D        | Noticed a destroyer
    29 | D        | Gained mutation: Your flesh is heat resistant. (rF+)
                  | [demonic ancestry]
    29 | D        | Reached XP level 22. HP: 212/212 MP: 8/52
    31 | D        | Reached skill level 27 in Throwing
    31 | D        | Reached skill level 27 in Spellcasting
    32 | D        | Reached skill level 27 in Stealth
    32 | D        | Reached skill level 27 in Unarmed Combat
    32 | D        | Noticed a large bag of meat
    33 | D        | Gained mutation: You frequently emit foul miasma when
                  | damaged in melee. [demonic ancestry]
    33 | D        | Reached XP level 23. HP: 219/219 MP: 9/54
    33 | D        | Noticed a large bag of meat
    35 | D        | Noticed a destroyer
    38 | D        | Gained mutation: You are immune to clouds of flame.
                  | [demonic ancestry]
    38 | D        | Reached XP level 24. HP: 227/227 MP: 10/54
    38 | D        | Killed a destroyer
    39 | D        | Noticed a large bag of meat
    40 | D        | Noticed a destroyer
    41 | D        | Reached XP level 25. HP: 234/234 MP: 11/54
    41 | D        | Killed a destroyer
    42 | D        | Killed a destroyer
    42 | D        | Noticed a destroyer
    43 | D        | Gained mutation: You can hurl damnation. [demonic ancestry]
    43 | D        | Reached XP level 26. HP: 242/242 MP: 11/54
    43 | D        | Noticed a destroyer
    45 | D        | Killed a destroyer
    45 | D        | Reached XP level 27. HP: 249/249 MP: 12/54
    46 | D        | Killed a large bag of meat
    46 | D        | Killed a destroyer
    47 | D        | Killed a large bag of meat
    50 | D        | Noticed a large bag of meat
    53 | D        | Noticed a destroyer
    54 | D        | Noticed an accursed
    55 | D        | Killed an accursed
    56 | D        | Noticed an accursed
    58 | D        | Killed a large bag of meat
    58 | D        | Noticed a destroyer
    59 | D        | Noticed a destroyer
    59 | D        | Noticed a destroyer
    59 | D        | Noticed a large bag of meat
    60 | D        | Noticed a tyrant
    61 | D        | Noticed a meat beast
    62 | D        | Killed a destroyer
    63 | D        | Killed a meat beast
    63 | D        | Noticed a meat beast
    67 | D        | Killed a meat beast
    68 | D        | Noticed a dread
    69 | D        | Killed a destroyer
    69 | D        | Noticed a meat beast
    70 | D        | Killed a tyrant
    70 | D        | Killed a large bag of meat
    70 | D        | Killed a large bag of meat
    70 | D        | Noticed a dread
    72 | D        | Killed a destroyer
    73 | D        | Killed a destroyer
    75 | D        | Killed a meat beast
    75 | D        | Noticed a meat beast
    76 | D        | Killed a dread
    77 | D        | Noticed a large bag of meat
    80 | D        | Killed a meat beast
    81 | D        | Killed a large bag of meat
    85 | D        | Noticed a destroyer
    86 | D        | Noticed a meat beast
    86 | D        | Noticed a large bag of meat
    87 | D        | Killed an accursed
    87 | D        | Killed a destroyer
    88 | D        | Killed a dread
    90 | D        | Killed a large bag of meat
    90 | D        | Noticed a tyrant
    91 | D        | Killed a meat beast
    91 | D        | Noticed a tyrant
    94 | D        | Noticed an accursed
    96 | D        | Killed a tyrant
    97 | D        | Noticed an accursed
    99 | D        | Noticed a tyrant
   101 | D        | Killed an accursed
   102 | D        | Noticed a large bag of meat
   102 | D        | Noticed a tyrant
   104 | D        | Noticed a large bag of meat
   104 | D        | Killed from afar by a tyrant

Skill      XL: |  1  2  3  4  5  6  7  8  9 10 11 12 13 14 15 16 17 18 19 20 21 22 |
---------------+-------------------------------------------------------------------+-----
Fighting       | 14 16 19 21 22 25 27 | 27.0
Axes           | 13 15 18 19 21 23 25 27 | 27.0
Throwing       | 13 18 22 26 27 | 27.0
Armour         | 13 15 18 19 21 23 25 27 | 27.0
Dodging        | 13 15 18 19 21 23 25 27 | 27.0
Spellcasting   | 13 18 22 26 27 | 27.0
Invocations    | 13 18 21 24 27 | 27.0
Stealth        | 14 20 25 27 | 27.0
Unarmed Combat | 13 19 23 27 | 27.0
Translocations | |  2.6

Action                   |  1- 3 |  4- 6 |  7- 9 | 10-12 | 13-15 | 16-18 | 19-21 | 22-24 | 25-27 || total
-------------------------+-------+-------+-------+-------+-------+-------+-------+-------+-------++-------
Melee: Executioner's axe |     1 |       |       |       |     2 |     6 |     6 |     9 |    53 ||    77
 Stab: Distracted        |       |       |       |       |       |       |       |       |     1 ||     1
Armor: Leather armour    |       |       |       |       |       |       |       |       |     1 ||     1
Dodge: Dodged            |       |       |       |       |     1 |       |       |     1 |     2 ||     4
